 Dungeon Crawl Stone Soup version 0.22-a0-410-g97be04f (webtiles) character file.

202970 Borgoz the Severer (level 19, -4/124 HPs)
             Began as a Gargoyle Abyssal Knight on May 11, 2018.
             Was the Champion of Lugonu.
             Killed from afar by a deep elf annihilator (64 damage)
             ... with an iron shot
             ... led by a deep elf high priest
             ... on level 3 of the Elven Halls.
             The game lasted 01:54:39 (36980 turns).

Borgoz the Severer (Gargoyle Abyssal Knight)       Turns: 36980, Time: 01:54:39

Health: -4/124     AC: 43    Str: 18      XL:     19   Next: 4%
Magic:  24/24      EV: 12    Int: 11 (16) God:    Lugonu [******]
Gold:   2296       SH:  0    Dex: 15      Spells: 18/18 levels left

rFire    + + .     SeeInvis .   a - +4 hand axe (vamp)
rCold    . . .     Gourm    .   (no shield)
rNeg     + . .     Faith    .   U - +8 plate armour of Muttered Phrases {rF+ Stlth+}
rPois    ∞         Spirit   .   u - +1 hat {Int+3}
rElec    +         Reflect  .   v - +1 cloak
rCorr    +         Harm     .   (no gloves)
MR       ++...                  (no boots)
Stlth    ..........             s - amulet of regeneration
HPRegen  0.70/turn              F - ring of protection from magic
MPRegen  0.19/turn              h - ring of resist corrosion

@: no status effects
A: big wings, talons 1, fire resistance 1, low mp 2, negative energy resistance
1, shaggy fur 1, electricity resistance, unbreathing, petrification resistance,
rot immunity, AC +14
a: Fly, Depart the Abyss, Bend Space, Banish, Corrupt, Enter the Abyss, Brand
Weapon With Distortion, Renounce Religion


You were on level 3 of the Elven Halls.
You worshipped Lugonu.
Lugonu was exalted by your worship.
You were hungry.

You visited 6 branches of the dungeon, and saw 30 of its levels.
You visited the Abyss 4 times.
You also visited: Sewer, Ossuary, Bailey and Ice Cave.

You collected 2834 gold pieces.
You spent 538 gold pieces at shops.

Inventory:

Hand Weapons
 a - a +4 vampiric hand axe (weapon)
Missiles
 J - 66 tomahawks of returning (quivered)
Armour
 u - a +1 hat of intelligence (worn)
 v - a +1 cloak (worn)
 U - the +8 plate armour of Muttered Phrases (worn) {rF+ Stlth+}
   (You found it on level 1 of the Lair of Beasts)

   It protects you from fire.
   It makes you more stealthy.
Jewellery
 f - an uncursed amulet of the acrobat
 h - a ring of resist corrosion (right hand)
 s - an amulet of regeneration (around neck)
 w - an uncursed ring of protection from cold
 y - an uncursed ring of see invisible
 A - an uncursed ring of positive energy
 B - the amulet of the Queen {Gourm Dex+2}
   (You found it on level 9 of the Dungeon)

   [amulet of the gourmand]

   It allows you to eat raw meat even when not hungry.
   It affects your dexterity (+2).
 F - a ring of protection from magic (left hand)
Wands
 l - a wand of clouds (13)
 q - a wand of scattershot (4)
 t - a wand of iceblast (22)
 z - a wand of flame (86)
 I - a wand of disintegration (43)
 O - a wand of paralysis (88)
 S - a wand of acid (15)
 V - a wand of digging (25)
Scrolls
 d - 8 scrolls of remove curse
 j - a scroll of amnesia
 m - a scroll of identify
 C - 2 scrolls of summoning
 D - a scroll of blinking
 E - 7 scrolls of teleportation
 M - 4 scrolls of magic mapping
 P - 4 scrolls of fear
 Q - 3 scrolls of enchant armour
 W - a scroll of silence
Potions
 b - 2 potions of agility
 e - 5 potions of magic
 i - 2 potions of resistance
 k - 4 potions of cancellation
 n - 5 potions of haste
 o - 16 potions of curing
 p - 6 potions of lignification
 r - 3 potions of might
 Y - a potion of invisibility
Comestibles
 c - 47 rations


   Skills:
 + Level 15.1 Fighting
 * Level 17.2 Axes
 + Level 15.0 Armour
 + Level 12.1 Dodging
 + Level 14.9 Invocations


You had 18 spell levels left.
You didn't know any spells.

Dungeon Overview and Level Annotations

Branches:
Dungeon (15/15) Temple (1/1) D:5 Lair (6/6) D:11 Swamp (3/4) Lair:2 Snake (0/4) Lair:2 Slime (0/5) Lair:5 Orc (2/2) D:11 Elf (3/3) Orc:2 Vaults (0/5) D:13 D:14 Depths (0/5) D:15

Altars:
Ashenzari
Cheibriados
Dithmenos
Elyvilon
Fedhas
Gozag
Hepliaklqana
Kikubaaqudgha
Makhleb
Nemelex Xobeh
Okawaru
Qazlal
Ru
Sif Muna
Trog
Uskayaw
Vehumet
Wu Jian
Xom
Yredelemnul
Zin
The Shining One
Beogh
Jiyva

Shops:
D:8 *   D:10 (   D:12 !   Orc:2 ***=


Innate Abilities, Weirdness & Mutations

You are resistant to torment.
Your stone body is resilient. (AC +14)
You are immune to poison.
Your large and strong wings let you fly indefinitely.
You resist negative energy. (rN+)
You are resistant to electric shocks. (rElec)
You can survive without breathing.
You are immune to petrification.
You are immune to rotting.
You have sharp toenails.
Your flesh is heat resistant. (rF+)
Your magical capacity is very low. (-20% MP)
You are covered in fur. (AC +1)


Message History

Unknown command.
You closely miss the deep elf annihilator.
The deep elf annihilator is moderately wounded.
The deep elf high priest utters a dark prayer and points at you.
Your life force is offered up.
The deep elf annihilator is healed.
Unknown command.
Your plate armour of Muttered Phrases prevents you from hitting the deep elf annihilator.
You claw the deep elf annihilator.
The deep elf annihilator is lightly wounded.
You hit the deep elf sorcerer.
You feel better.
The deep elf annihilator hits you but does no damage.
The deep elf sorcerer barely misses you.
You slash the deep elf sorcerer!
The deep elf sorcerer is moderately wounded.
You hit the deep elf annihilator.
You feel better.
The deep elf sorcerer hits you but does no damage.
The deep elf annihilator gestures at you while chanting.
The iron shot hits you!
Ouch! That really hurt!
You die...

.. .. # #. #####.#
#. ##..§...# #.
##........
######.###)e..$....
...........@ee.....
#####..##...e....
#....##......#
###########....#
#######
..<............#
###########)...#
##..## ####


You could see a deep elf annihilator, a deep elf sorcerer, a deep elf high
priest and a deep elf mage.

Vanquished Creatures
  Rupert (Lair:6)
  The ghost of iamserjio the Arsonist, an adept OgFE of Vehumet (Elf:1)
  A deep elf blademaster (Elf:2)
  Gastronok (Lair:2)
  Roxanne (D:15)
  A frost giant (IceCv)
  2 orc warlords (Orc:2)
  A deep elf demonologist (Elf:3)
  Nessos (Lair:5)
  A purple draconian (Abyss:1)
  3 deep elf death magi
  Josephine (Lair:6)
  A yaktaur captain (D:15)
  Harold (Lair:3)
  3 catoblepae (Lair:6)
  8 centaur warriors
  Erolcha (D:9)
  A ghost crab (Swamp:2)
  10 two-headed ogres
  10 alligators
  19 dancing weapons
  A tengu warrior (Swamp:2)
  Urug (D:14)
  9 death yaks
  6 orc high priests
  2 thrashing horrors (Abyss:3)
  12 deep elf knights
  A shadow wraith (Abyss:3)
  4 skeletal warriors
  4 unseen horrors
  5 large abominations (Elf:1)
  A swamp dragon (Swamp:3)
  2 spriggan druids
  10 deep elf archers
  A wizard (D:13)
  2 necromancers (Elf:1)
  Pikel (D:7)
  12 ugly things
  5 orc sorcerers
  42 deep elf magi
  2 cyclopes
  8 orc knights
  8 elephants
  4 manticores
  6 black mambas
  An ice statue (IceCv)
  Maurice (D:13)
  Joseph (D:7)
  A gargoyle (D:13)
  20 spiny frogs
  A yaktaur (shapeshifter) (D:14)
  A rime drake (shapeshifter) (D:15)
  A yaktaur (D:15)
  An efreet (D:15)
  8 rime drakes
  A redback zombie (D:14)
  9 komodo dragons
  A harpy zombie (D:14)
  A queen bee (Lair:3)
  An ancient zyme (Abyss:1)
  A tengu conjurer (Swamp:2)
  10 trolls
  10 wind drakes (D:14)
  20 polar bears
  A tyrant leech (Swamp:1)
  10 slime creatures
  6 hornets
  19 hippogriffs
  8 bog bodies
  20 blink frogs
  11 dream sheep
  The ghost of PeterMcNeter the Conjurer, an amateur OpCj (D:4)
  5 spriggans
  A spriggan (shapeshifter) (Elf:1)
  2 shadows
  5 wraiths
  3 water elementals (Elf:1)
  79 yaks
  11 air elementals
  2 wyverns
  A ynoxinul (Abyss:1)
  17 humans
  4 basilisks
  4 hogs (D:7)
  4 fire elementals
  A hungry ghost (D:10)
  A neqoxec (Abyss:3)
  14 vampire mosquitoes
  17 swamp worms
  3 wargs (Orc:2)
  26 insubstantial wisps
  4 acid dragons
  18 water moccasins
  Duvessa (D:6)
  3 nagas (Lair:2)
  5 swamp drakes
  47 orc warriors
  2 black bears
  7 porcupines
  4 ice beasts
  5 necrophages
  An eye of draining (D:13)
  12 ogres
  10 sky beasts
  A slave (D:7)
  4 phantoms
  14 centaurs
  30 wolves
  23 crocodiles
  6 big kobolds
  25 bullfrogs
  3 elf zombies (Elf:1)
  A gnoll sergeant (D:8)
  An earth elemental (Elf:1)
  6 scorpions
  Dowan (D:6)
  44 killer bees
  11 wights
  4 electric eels
  5 howler monkeys
  5 crimson imps
  5 bullfrog zombies
  3 quasits
  8 centaur zombies
  8 hounds
  6 jellies
  28 orc priests
  2 bullfrog skeletons
  4 centaur skeletons
  27 orc wizards
  Jessica (D:2)
  4 iguanas
  13 worker ants
  3 big kobold zombies (Ossuary)
  2 mummies (Ossuary)
  3 hound skeletons
  A worker ant zombie (D:11)
  24 gnolls
  2 howler monkey skeletons
  17 adders
  4 river rats (D:4)
  4 shadow imps
  An ooze (D:1)
  6 adder zombies (Ossuary)
  An adder skeleton (D:6)
  5 worms
  3 dart slugs
  8 leopard geckos
  131 orcs
  5 giant cockroaches
  4 gnoll zombies (Ossuary)
  8 goblins
  22 hobgoblins
  13 jackals
  43 kobolds
  10 quokkas
  7 ball pythons
  10 bats
  8 frilled lizards
  4 hobgoblin zombies (Ossuary)
  4 kobold zombies (Ossuary)
  6 orc zombies (Ossuary)
  14 rats
  4 bushes (D:4)
  2 fungi
  5 plants
1380 creatures vanquished.

Vanquished Creatures (others)
  7 hydras
  An alligator (Swamp:3)
  A two-headed ogre (D:11)
  A deep elf knight (Elf:1)
  5 oklob plants
  An ugly thing (Swamp:2)
  A slime creature (D:14)
  A blink frog (Lair:5)
  A spriggan (Swamp:2)
  2 water elementals
  2 insubstantial wisps (Swamp:2)
  A slave (D:7)
  A centaur (D:7)
  An adder (D:7)
  16 ball lightnings (D:14)
  A bush (Lair:6)
  8 fungi
  11 plants
62 creatures vanquished.

Grand Total: 1442 creatures vanquished

Notes
Turn   | Place    | Note
-------+----------+-------------------------------------------
     0 | Abyss:1  | Borgoz the Gargoyle Abyssal Knight began the quest for the Orb.
     0 | Abyss:1  | Reached XP level 1. HP: 14/14 MP: 2/2
    61 | Abyss:1  | Noticed a thrashing horror
    62 | D:1      | Escaped the Abyss
   130 | D:1      | Reached skill level 2 in Axes
   144 | D:1      | Reached skill level 1 in Dodging
   144 | D:1      | Reached XP level 2. HP: 12/19 MP: 3/3
   450 | D:1      | Reached * piety under Lugonu
   490 | D:1      | Reached XP level 3. HP: 19/23 MP: 4/4
  1009 | D:2      | Noticed Jessica
  1016 | D:2      | Killed Jessica
  1016 | D:2      | Reached XP level 4. HP: 24/29 MP: 5/5
  1708 | D:2      | Reached skill level 3 in Axes
  1727 | D:1      | Reached XP level 5. HP: 8/33 MP: 7/7
  1965 | D:1      | Reached ** piety under Lugonu
  2436 | D:2      | Found a blossoming altar of Fedhas.
  3354 | D:4      | Reached XP level 6. HP: 29/38 MP: 8/8
  3362 | D:4      | Gained mutation: Your flesh is heat resistant. (rF+) [potion of mutation]
  3362 | D:4      | Gained mutation: Your magical capacity is low. (-10% MP) [potion of mutation]
  3362 | D:4      | Gained mutation: You are clumsy. (Dex -2) [potion of mutation]
  3362 | D:4      | Gained mutation: You have sharp toenails. [potion of mutation]
  3362 | D:4      | Noticed PeterMcNeter's ghost (amateur OpCj)
  3395 | D:5      | Entered Level 5 of the Dungeon
  3400 | D:5      | HP: 1/38 [worker ant (5)]
  3406 | D:5      | Reached *** piety under Lugonu
  3420 | D:5      | Found a shimmering altar of Xom.
  3423 | D:5      | Noticed an angel
  3490 | D:5      | Reached skill level 4 in Axes
  3562 | D:4      | Reached XP level 7. HP: 16/44 MP: 8/8
  3578 | D:4      | Killed PeterMcNeter's ghost
  3871 | D:4      | Found a glowing drain.
  3880 | Sewer    | Entered a sewer
  3903 | Sewer    | Reached **** piety under Lugonu
  3989 | Sewer    | Reached skill level 5 in Fighting
  3989 | Sewer    | Reached XP level 8. HP: 49/49 MP: 10/10
  4075 | Sewer    | Reached skill level 5 in Axes
  5103 | D:5      | Reached skill level 5 in Armour
  5198 | D:5      | Found a staircase to the Ecumenical Temple.
  5242 | Temple   | Entered the Ecumenical Temple
  5457 | D:5      | Found a white marble altar of Elyvilon.
  5500 | D:5      | Found a glowing silver altar of Zin.
  5529 | D:5      | Reached skill level 5 in Invocations
  5634 | D:6      | Found a hazy altar of Hepliaklqana.
  5641 | D:6      | Reached skill level 6 in Axes
  5721 | D:6      | Found a shattered altar of Ashenzari.
  5787 | D:6      | Reached ***** piety under Lugonu
  5787 | D:6      | Reached XP level 9. HP: 53/55 MP: 11/11
  6138 | D:6      | Noticed Dowan
  6139 | D:6      | Noticed Duvessa
  6152 | D:6      | Killed Dowan
  6159 | D:6      | Killed Duvessa
  6260 | D:7      | Found a sand-covered staircase.
  6296 | Ossuary  | Entered an ossuary
  6641 | D:7      | Noticed Pikel
  6665 | D:7      | Killed Pikel
  6665 | D:7      | Reached skill level 7 in Axes
  6839 | D:7      | Noticed Joseph
  6882 | D:7      | Killed Joseph
  6882 | D:7      | Reached XP level 10. HP: 44/63 MP: 13/13
  6955 | D:7      | Got a scorched jade amulet
  7134 | D:7      | Reached skill level 8 in Axes
  7767 | D:8      | Reached skill level 5 in Dodging
  8101 | D:8      | Found a flagged portal.
  8122 | Bailey   | Entered a bailey
  8270 | Bailey   | Reached ****** piety under Lugonu
  9007 | D:8      | Found Vada's Serpentskin Sales.
  9280 | D:9      | Got a twitching sapphire amulet
  9402 | D:9      | Noticed Erolcha
  9430 | D:9      | HP: 3/64 [something (22)]
  9436 | D:9      | Killed Erolcha
  9436 | D:9      | Reached skill level 9 in Axes
  9436 | D:9      | Reached XP level 11. HP: 60/68 MP: 13/15
  9799 | D:9      | Got a transparent robe
  9940 | D:10     | Entered Level 10 of the Dungeon
  9941 | D:10     | Noticed a manticore
  9959 | D:10     | Killed a manticore
  9980 | D:10     | Found a shadowy altar of Dithmenos.
 10010 | D:10     | Found a sparkling altar of Nemelex Xobeh.
 10437 | D:10     | Found Fov Ettemm's Weapon Boutique.
 10801 | D:11     | Identified the amulet of the Queen {Gourm Dex+2} (You found it on level 9 of the Dungeon)
 10802 | D:11     | Identified the amulet "Qesixkio" {Faith +Fly rElec Str-2 Dex-2} (You found it on level 7 of the Dungeon)
 10803 | D:11     | Identified the +2 robe "Qinosch" {*Contam rC+++ Regen+ Dex+4} (You found it on level 9 of the Dungeon)
 10932 | D:11     | Noticed a two-headed ogre
 10937 | D:11     | Noticed an eight-headed hydra
 10949 | D:11     | Banished an eight-headed hydra
 10953 | D:11     | Found a staircase to the Orcish Mines.
 10961 | D:11     | Banished a two-headed ogre
 11026 | D:11     | Noticed a cyclops
 11028 | D:11     | Found a staircase to the Lair.
 11045 | D:11     | Killed a cyclops
 11263 | D:11     | Reached skill level 10 in Axes
 11315 | D:11     | Noticed a two-headed ogre
 11336 | D:11     | Killed a two-headed ogre
 11949 | D:11     | Reached XP level 12. HP: 77/77 MP: 15/17
 11950 | D:11     | Noticed a two-headed ogre
 11963 | D:11     | Killed a two-headed ogre
 11963 | D:11     | Reached XP level 13. HP: 57/82 MP: 16/18
 12278 | D:12     | Reached skill level 10 in Fighting
 12459 | D:12     | Reached skill level 11 in Axes
 12663 | D:12     | Found Nuadal's Distillery.
 12676 | D:12     | Bought a potion of heal wounds for 85 gold pieces
 12676 | D:12     | Bought a potion of might for 68 gold pieces
 12703 | D:12     | Reached skill level 10 in Armour
 13055 | D:12     | Reached skill level 10 in Invocations
 14203 | Orc:1    | Entered Level 1 of the Orcish Mines
 14203 | Orc:1    | Found a roughly hewn altar of Beogh.
 14382 | Lair:1   | Entered Level 1 of the Lair of Beasts
 14841 | Lair:1   | Reached skill level 12 in Axes
 15183 | Lair:1   | Gained mutation: Your large and strong wings let you fly indefinitely. [Gargoyle growth]
 15183 | Lair:1   | Reached XP level 14. HP: 78/90 MP: 10/19
 15197 | Lair:1   | Got an ichor-stained plate armour
 15713 | Lair:1   | Identified the +8 plate armour of Muttered Phrases {rF+ Stlth+} (You found it on level 1 of the Lair of Beasts)
 15854 | Lair:2   | Found a staircase to the Snake Pit.
 16040 | Lair:2   | Got a translucent mace
 16386 | Lair:2   | Found a staircase to the Swamp.
 16609 | Lair:2   | Noticed Gastronok
 16646 | Lair:2   | Killed Gastronok
 16878 | Lair:3   | Identified the +4 mace "Quukk" {flame, rElec Dex+4} (You found it on level 2 of the Lair of Beasts)
 16914 | Lair:3   | Noticed Harold
 16936 | Lair:3   | Killed Harold
 16976 | Lair:3   | Found a frozen archway.
 17046 | IceCv    | Entered an ice cave
 17607 | IceCv    | Got a scorched rapier
 17759 | IceCv    | Reached skill level 13 in Axes
 17833 | IceCv    | Noticed a frost giant
 17878 | IceCv    | Killed a frost giant
 18569 | Lair:3   | Reached XP level 15. HP: 96/96 MP: 21/21
 20589 | Lair:5   | Noticed Nessos
 20708 | Lair:5   | Killed Nessos
 20848 | Lair:5   | Found a viscous altar of Jiyva.
 20849 | Lair:5   | Found a staircase to the Slime Pits.
 21379 | Lair:6   | Entered Level 6 of the Lair of Beasts
 21435 | Lair:6   | Noticed Rupert
 21445 | Lair:6   | Paralysed by Rupert for 7 turns
 21470 | Lair:6   | Paralysed by Rupert for 5 turns
 21501 | Lair:6   | Killed Rupert
 21513 | Lair:6   | Lost mutation: You are clumsy. (Dex -2) [potion of mutation]
 21513 | Lair:6   | Gained mutation: Your magical capacity is very low. (-20% MP) [potion of mutation]
 21513 | Lair:6   | Gained mutation: You are covered in fur. (AC +1) [potion of mutation]
 21545 | Lair:6   | Reached skill level 14 in Axes
 21694 | Lair:6   | Reached skill level 10 in Dodging
 21987 | Lair:6   | Reached XP level 16. HP: 103/103 MP: 20/20
 22249 | Lair:6   | Noticed Josephine
 22261 | Lair:6   | Killed Josephine
 22337 | Lair:6   | Got a transparent mace {venom}
 23378 | Orc:2    | Entered Level 2 of the Orcish Mines
 23845 | Orc:2    | Found a roughly hewn altar of Beogh.
 23974 | Orc:2    | Found Naopp's Jewellery Boutique.
 24019 | Orc:2    | Found Ryikaah's General Store.
 24039 | Orc:2    | Cast into level 1 of the Abyss (orc knight)
 24249 | Orc:2    | Escaped the Abyss
 24298 | Orc:2    | Bought a scroll of identify for 32 gold pieces
 25091 | Orc:2    | Found a staircase to the Elven Halls.
 25296 | Orc:2    | Reached skill level 15 in Axes
 25342 | Orc:2    | Found a roughly hewn altar of Beogh.
 25372 | Orc:2    | Found Kesaass's Assorted Antiques.
 25450 | Orc:2    | Bought a scroll of identify for 80 gold pieces
 25510 | Orc:2    | Found Haijy's Assorted Antiques.
 25518 | Orc:2    | Bought a potion of might for 156 gold pieces
 25518 | Orc:2    | Bought a scroll of teleportation for 117 gold pieces
 26490 | D:13     | Noticed Maurice
 26500 | D:13     | Killed Maurice
 26760 | D:14     | Found a gate to the Vaults.
 26760 | D:14     | Noticed Urug
 26932 | D:14     | Killed Urug
 26954 | D:15     | Entered Level 15 of the Dungeon
 27115 | D:14     | Reached XP level 17. HP: 109/109 MP: 21/21
 27362 | D:14     | Identified a scroll of acquirement
 28685 | D:15     | Noticed Roxanne
 28742 | D:15     | Killed Roxanne
 28960 | D:15     | Found a staircase to the Depths.
 29923 | Swamp:1  | Entered Level 1 of the Swamp
 30248 | Swamp:1  | Reached skill level 16 in Axes
 31645 | Swamp:2  | Escaped the Abyss
 32492 | Elf:1    | Entered Level 1 of the Elven Halls
 32511 | Elf:1    | Reached XP level 18. HP: 113/117 MP: 22/22
 33046 | Elf:1    | Noticed iamserjio's ghost (adept OgFE)
 33156 | Elf:1    | Killed iamserjio's ghost
 33982 | Elf:1    | Identified the Catalogue of Stolen Souls
 34375 | Elf:2    | Found a huge runed gate.
 34375 | Elf:2    | Found a huge runed gate.
 34392 | Elf:2    | Found a huge runed gate.
 35451 | Elf:2    | Noticed a deep elf blademaster
 35457 | Elf:3    | Entered Level 3 of the Elven Halls
 35523 | Elf:2    | Reached skill level 17 in Axes
 35687 | Elf:2    | Reached skill level 15 in Fighting
 36159 | Elf:2    | Killed a deep elf blademaster
 36860 | Elf:3    | Cast into level 3 of the Abyss (a deep elf sorcerer)
 36860 | Abyss:3  | Found a corrupted altar of Lugonu.
 36887 | Abyss:3  | Gained mutation: Your spells are a little easier to cast, but a little less powerful. [a neqoxec]
 36899 | Abyss:3  | Lost mutation: Your spells are a little easier to cast, but a little less powerful. [a neqoxec]
 36930 | Abyss:3  | Reached XP level 19. HP: 124/124 MP: 24/24
 36964 | Abyss:3  | Reached skill level 15 in Armour
 36972 | Elf:3    | Escaped the Abyss
 36980 | Elf:3    | Killed from afar by a deep elf annihilator

Vault maps used:
D:1:      lemuel_arrival_funnel
D:2:      lemuel_coloured_pillars_altar, first_ration, minivault_25,
          kennysheep_jessica_study
D:3:      minmay_close_crescents
D:4:      lightli_sewer_entry_pipes, lexackson_kobold_supper
D:5:      grunt_temple_overflow_order_and_chaos_1, elyvilon_altar_5,
          minmay_temple_entry_overgrown
D:6:      nicolae_ashenzari_panopticon, overflow_temple_1_default,
          kennysheep_generic_room_10, uniq_duvessa
D:7:      nicolae_ossuary_entry_monument, grunt_livestock, uniq_joseph,
          uniq_pikel
D:8:      enter_bailey_3, guppyfry_shop_venom
D:9:      uniq_erolcha
D:10:     serial_shops, kennysheep_mini_moat, basic_altar, minivault_16,
          nicolae_dithmenos_shadow_blocks
D:11:     lair_entry_dummy, orc_0_dummy
D:12:     serial_undead, serial_undead_f, serial_undead_f, serial_undead_c,
          serial_undead_a, serial_undead_d, serial_undead_a, serial_shops, shop
D:13:     uniq_maurice
D:14:     david_vaults_3, nrook_loot_triangle, minmay_misc_feat_pillars,
          aerie_lemuel
D:15:     grunt_enter_depths_snipers, hangedman_decor_diamond_cutter,
          lightli_minifort, uniq_roxanne
Temple:   eino_temple_rhombus
Lair:1:   minmay_lair_oklob_chamber
Lair:2:   nicolae_swamp_entry_splash_gauntlet,
          minmay_snake_entry_guardpost_small, beast_lair_carwin_9,
          uniq_gastronok
Lair:3:   regret_index_harrowing_hell_hive, portal_ice_cave_rime, pond,
          uniq_harold
Lair:4:   grunt_megastairs_4
Lair:5:   slime_altar_1, beast_lair_carwin_1, grunt_megastairs_1, uniq_nessos
Lair:6:   evilmike_catoblepas_cave, serial_bayou_shore_a,
          infiniplex_staircase_pool, grunt_megastairs_5, uniq_rupert,
          uniq_josephine
Swamp:1:  evilmike_swamp_ruin_house_4
Swamp:2:  evilmike_swamp_ruin_rubble_2, swamp_pool4, kb_tengu_band
Swamp:3:  cheibrodos_swamp_mausoleum, serial_swamp_ruin,
          evilmike_swamp_ruin_house_1, evilmike_swamp_ruin_house_6,
          evilmike_swamp_ruin_house_2, swamp_pool2, infiniplex_staircase_pool_2
Orc:1:    basic_altar
Orc:2:    pubby_orc_utopia
Elf:1:    minmay_elf_necromancy, roderic_lattice_octagonal_star
Elf:3:    grunt_elf_hall_spiral
Abyss:1:  hangedman_cross_veins
Abyss:3:  abyss_exit_lava
Sewer:    kennysheep_pipe_town
Ossuary:  ossuary_tomb_2
Bailey:   bailey_axe_2, bailey
IceCv:    ice_cave_caverns_01

Skill      XL: |  1  2  3  4  5  6  7  8  9 10 11 12 13 14 15 16 17 18 19 |
---------------+----------------------------------------------------------+-----
Axes           | 2 3 4 6 7 9 10 12 13 14 15 16 17 | 17.2
Dodging        | 1 2 3 4 5 7 8 9 10 11 12 | 12.1
Armour         | 3 4 5 6 7 9 10 11 12 13 14 15 | 15.0
Invocations    | 3 4 5 6 7 9 10 11 12 13 14 | 14.9
Fighting       | 4 5 7 8 9 11 12 13 14 15 | 15.1

Action                   |  1- 3 |  4- 6 |  7- 9 | 10-12 | 13-15 | 16-18 | 19-21 || total
-------------------------+-------+-------+-------+-------+-------+-------+-------++-------
Melee: Hand axe          |   104 |   269 |   932 |   913 |  3128 |  4277 |    34 ||  9657
       Kick              |       |    20 |   272 |   225 |  1010 |  1451 |    16 ||  2994
Invok: Depart the Abyss  |     1 |       |       |       |       |     2 |     1 ||     4
       Banish            |       |       |       |     7 |    16 |     8 |       ||    31
       Bend Space        |       |       |       |       |     1 |       |       ||     1
       Enter the Abyss   |       |       |       |       |       |     1 |       ||     1
 Abil: Fly               |       |       |       |       |     3 |     5 |       ||     8
       Stop Flying       |       |       |       |       |     3 |     5 |       ||     8
Evoke: Wand              |       |       |       |     1 |       |       |       ||     1
  Use: Scroll            |       |     7 |     6 |    16 |    10 |    12 |       ||    51
       Potion            |       |     3 |     3 |    11 |    10 |     7 |       ||    34
 Stab: Invisible         |       |       |       |       |     2 |       |       ||     2
  Eat: Chunk             |       |     9 |     7 |    22 |    40 |    50 |       ||   128
       Ration            |       |       |     3 |     1 |     1 |     5 |       ||    10
Armor: Leather armour    |    44 |     2 |       |       |       |       |       ||    46
       Chain mail        |       |   244 |   544 |   742 |   621 |       |       ||  2151
       Plate armour      |       |       |       |       |  2075 |  2901 |    30 ||  5006
Dodge: Dodged            |    77 |   133 |   284 |   455 |  1531 |  1565 |    14 ||  4059

Table legend:
 A = Spawn XP
 B = Non-spawn XP
 C = Spawn XP percentage of total XP
 D = Spawn monster count
 E = Non-spawn monster count
 F = Spawn count percentage of total count
 G = Total turns spent on level
                    A         B        C        D         E        F      G
               +---------+---------+-------+---------+---------+-------+---------
         Total |    4429 |  302101 |   1.4 |       8 |    1387 |   0.6 | 36980
               +---------+---------+-------+---------+---------+-------+---------
           D:1 |       0 |      74 |   0.0 |       0 |      25 |   0.0 |  1349
           D:2 |       0 |     172 |   0.0 |       0 |      27 |   0.0 |  1256
           D:3 |       0 |      59 |   0.0 |       0 |      30 |   0.0 |   672
           D:4 |       0 |     961 |   0.0 |       0 |      44 |   0.0 |  1282
           D:5 |       0 |     620 |   0.0 |       0 |      16 |   0.0 |   618
           D:6 |       0 |     927 |   0.0 |       0 |      27 |   0.0 |   626
           D:7 |       0 |    2915 |   0.0 |       0 |      24 |   0.0 |  1131
           D:8 |       0 |    1877 |   0.0 |       0 |      45 |   0.0 |  1143
           D:9 |       0 |    1740 |   0.0 |       0 |      15 |   0.0 |   770
          D:10 |       0 |    1597 |   0.0 |       0 |      15 |   0.0 |   699
          D:11 |       0 |    6886 |   0.0 |       0 |      41 |   0.0 |  1544
          D:12 |       0 |    9622 |   0.0 |       0 |      80 |   0.0 |  1490
          D:13 |       0 |   18193 |   0.0 |       0 |      56 |   0.0 |  1568
          D:14 |       0 |   17495 |   0.0 |       0 |      80 |   0.0 |  1483
          D:15 |       0 |   19561 |   0.0 |       0 |      53 |   0.0 |  1413
        Lair:1 |       0 |    7788 |   0.0 |       0 |      34 |   0.0 |  1474
        Lair:2 |       0 |   10221 |   0.0 |       0 |      51 |   0.0 |  1273
        Lair:3 |       0 |   11001 |   0.0 |       0 |      68 |   0.0 |  1442
        Lair:4 |       0 |    6786 |   0.0 |       0 |      29 |   0.0 |  1091
        Lair:5 |       0 |   10564 |   0.0 |       0 |      32 |   0.0 |   815
        Lair:6 |       0 |   29823 |   0.0 |       0 |      76 |   0.0 |  1349
       Swamp:1 |       0 |    6661 |   0.0 |       0 |      18 |   0.0 |   668
       Swamp:2 |       0 |   17265 |   0.0 |       0 |      56 |   0.0 |  1206
       Swamp:3 |       0 |    4670 |   0.0 |       0 |      16 |   0.0 |   445
         Orc:1 |       0 |    2090 |   0.0 |       0 |      24 |   0.0 |   750
         Orc:2 |       0 |   23773 |   0.0 |       0 |     146 |   0.0 |  2387
         Elf:1 |       0 |   33708 |   0.0 |       0 |      59 |   0.0 |  1758
         Elf:2 |       0 |   37146 |   0.0 |       0 |      54 |   0.0 |  2569
         Elf:3 |       0 |    2047 |   0.0 |       0 |       3 |   0.0 |    49
       Abyss:1 |    1801 |       0 | 100.0 |       4 |       0 | 100.0 |   313
       Abyss:3 |    2628 |     763 |  77.5 |       4 |       1 |  80.0 |   112
         Sewer |       0 |     223 |   0.0 |       0 |      24 |   0.0 |   274
       Ossuary |       0 |     169 |   0.0 |       0 |      29 |   0.0 |   216
        Bailey |       0 |     359 |   0.0 |       0 |      34 |   0.0 |   420
         IceCv |       0 |   14345 |   0.0 |       0 |      55 |   0.0 |  1204
               +---------+---------+-------+---------+---------+-------+---------
